 Dungeon Crawl Stone Soup version 0.19-a0-1224-g978f909 (webtiles) character file.

997 LORDOFBUTT the Shield-Bearer (level 7, -5/63 HPs)
             Began as a Minotaur Fighter on Aug 24, 2016.
             Slain by Pikel
             ... wielding a +1 whip of electrocution
              (20 damage)
             ... on level 5 of the Dungeon.
             The game lasted 00:03:45 (3492 turns).

LORDOFBUTT the Shield-Bearer (Minotaur Fighter)     Turns: 3492, Time: 00:03:46

Health: -5/63      AC:  7    Str: 26    XL:     7   Next: 99%
Magic:  6/6        EV: 10    Int:  5    God:
Gold:   290        SH: 11    Dex: 11    Spells: 0 memorised, 6 levels left

rFire  + . .     SeeInvis .     a - +0 war axe
rCold  . . .     Gourm    .     b - +0 scale mail
rNeg   . . .     Faith    .     c - +0 shield
rPois  .         Spirit   .     (helmet restricted)
rElec  .         Dismiss  .     (no cloak)
rCorr  .         Reflect  .     (no gloves)
MR     +....     Harm     .     (no boots)
Stlth  ..........               (no amulet)
                                i - ring of protection from fire
                                j - ring of protection from magic

@: mighty
A: retaliatory headbutt, horns 2
a: no special abilities


You were on level 5 of the Dungeon.
You were not hungry.

You visited 1 branch of the dungeon, and saw 5 of its levels.

You collected 290 gold pieces.

Inventory:

Hand Weapons
 a - a +0 war axe (weapon)
Armour
 b - a +0 scale mail (worn)
 c - a +0 shield (worn)
Jewellery
 i - a ring of protection from fire (right hand)
 j - a ring of protection from magic (left hand)
 s - a cursed amulet of inaccuracy {unknown}
 x - an uncursed ring of flight {unknown}
 E - an uncursed ring of see invisible {unknown}
Wands
 q - a wand of random effects (13/48)
 C - a wand of disintegration (14/24)
Scrolls
 k - 2 scrolls of fear {unknown}
 o - 4 scrolls of identify
 r - a scroll of recharging {unknown}
 t - 4 scrolls of remove curse {unknown}
 u - a scroll of enchant armour {unknown}
 w - a scroll of noise {unknown}
 y - a scroll of fog {unknown}
 z - a scroll of random uselessness {unknown}
 F - 2 scrolls of teleportation
Potions
 d - a potion of might
 e - 4 potions of haste
 g - a potion of agility
 h - a potion of heal wounds
 m - a potion of flight {unknown}
 n - a potion of lignification {unknown}
 p - a potion of brilliance {unknown}
 v - a potion of curing {unknown}
 A - 2 potions of ambrosia {unknown}
 D - a potion of degeneration {unknown}
Comestibles
 f - a beef jerky
 l - 3 meat rations
 B - 2 slices of pizza
 G - a bread ration


   Skills:
 * Level 6.1 Fighting
 * Level 5.0 Axes
 * Level 6.3 Armour
 + Level 3.5 Dodging
 * Level 6.7 Shields


You had 6 spell levels left.
You didn't know any spells.

Dungeon Overview and Level Annotations

Branches:
Dungeon (5/15)
 Temple: D:4-7

Altars:
Dithmenos
Kikubaaqudgha

Annotations:
D:5 Pikel


Innate Abilities, Weirdness & Mutations

You reflexively headbutt those who attack you in melee.
You have a pair of horns on your head.


Message History

You feel very mighty all of a sudden. The slave hits you.
Pikel zaps a wand.
The bolt of lightning hits you!
* * * LOW HITPOINT WARNING * * *
It is a wand of lightning.
You block the slave's attack. x2
You feel much better. The slave hits you but does no damage. Pikel misses you.
You block the slave's attack. The slave closely misses you.
You hit Pikel but do no damage. Your headbutt misses Pikel.
You closely miss the slave. You hit the slave. You closely miss the slave.
You slash the slave! The slave completely misses you.
The slave barely misses you. You block Pikel's attack. The slave misses you.
The slave hits you!
You slash Pikel! You headbutt Pikel!
Pikel is severely wounded.
Your scale mail prevents you from hitting the slave.
You closely miss the slave. You hit the slave. You barely miss the slave.
The slave closely misses you. The slave hits you.
Pikel hits you with a whip of electrocution.
* * * LOW HITPOINT WARNING * * *
You are electrocuted!
You die...

## #....######.#......#
####..................#
...#..................
...#.................
...#.............#[#
...#####....#......#
...##.......#......#
.........####....p.#
##.......# #%.p@pJ#
......# ####pK.# #
#.... #...# # ...
#..>.. # ##..... #
.....# # ....... #
.......


You could see Pikel, 4 slaves and a jelly.

Vanquished Creatures
  Grinder (D:3)
  The ghost of Jivvin the Poker, an amateur DsAK of Lugonu (D:4)
  An ogre (D:4)
  A crimson imp (D:4)
  An orc wizard (D:3)
  2 hounds (D:4)
  2 orc priests (D:3)
  2 gnoll shamans
  2 giant frog skeletons
  Ijyb (D:2)
  A hound skeleton (D:4)
  Robin (D:3)
  6 adders
  8 gnolls
  A shadow imp (D:4)
  2 oozes
  A worm (D:2)
  2 dart slugs
  2 giant geckos
  6 orcs
  3 ball pythons
  6 giant cockroaches
  11 goblins
  6 hobgoblins
  7 kobolds
  2 quokkas
  7 bats
  A giant gecko skeleton (D:4)
  2 giant newts (D:3)
  2 quokka skeletons
  5 rats
  2 rat zombies (D:2)
98 creatures vanquished.

Notes
Turn   | Place    | Note
-------+----------+-------------------------------------------
     0 | D:1      | LORDOFBUTT the Minotaur Fighter began the quest for the Orb.
     0 | D:1      | Reached XP level 1. HP: 19/19 MP: 0/0
   131 | D:1      | Reached XP level 2. HP: 27/27 MP: 1/1
   675 | D:2      | Reached XP level 3. HP: 30/33 MP: 2/2
   782 | D:2      | Noticed Ijyb
   791 | D:2      | Killed Ijyb
   904 | D:2      | Found an ancient bone altar of Kikubaaqudgha.
  1037 | D:2      | Reached XP level 4. HP: 41/41 MP: 3/3
  1423 | D:2      | Reached skill level 1 in Dodging
  1507 | D:3      | Noticed Grinder
  1537 | D:3      | Killed Grinder
  1537 | D:3      | Reached skill level 5 in Armour
  1537 | D:3      | Reached skill level 5 in Shields
  1537 | D:3      | Reached XP level 5. HP: 17/47 MP: 4/4
  1537 | D:3      | Reached XP level 6. HP: 19/55 MP: 5/5
  1705 | D:3      | Noticed Robin
  1716 | D:3      | Killed Robin
  2049 | D:3      | Reached skill level 5 in Fighting
  2475 | D:4      | Noticed Jivvin's ghost (amateur DsAK)
  2493 | D:4      | Killed Jivvin's ghost
  2493 | D:4      | Reached XP level 7. HP: 42/61 MP: 6/6
  2778 | D:4      | Found a shadowy altar of Dithmenos.
  3378 | D:5      | Entered Level 5 of the Dungeon
  3423 | D:5      | Reached skill level 5 in Axes
  3484 | D:5      | Noticed Pikel
  3492 | D:5      | Slain by Pikel

Vault maps used:
D:1:      dpeg_arrival_arbitrary_c, minmay_misc_feat_plants,
          minmay_misc_feat_ornament
D:2:      lemuel_zombie_altar_kikubaaqudgha, first_bread, uniq_iyjb
D:3:      kennysheep_potato, uniq_grinder, uniq_robin
D:4:      grunt_dithmenos_shadows, kennysheep_crisscross,
          corexii_item_surrounded_by_moat
D:5:      kennysheep_okawaru_gauntlet, uniq_pikel

Skill      XL: |  1  2  3  4  5  6  7 |
---------------+----------------------+-----
Armour         | 4 5 6 |  6.3
Shields        | 4 5 6 |  6.7
Fighting       | 4 5 6 |  6.1
Dodging        | 2 3 |  3.5
Axes           | 3 4 5 |  5.0

Action                   |  1- 3 |  4- 6 |  7- 9 || total
-------------------------+-------+-------+-------++-------
Melee: War axe           |    66 |   136 |   104 ||   306
       Headbutt          |     9 |    21 |    12 ||    42
  Use: Scroll            |     4 |       |       ||     4
       Potion            |       |     2 |     2 ||     4
  Eat: Bread ration      |       |     2 |       ||     2
Armor: Scale mail        |    33 |    41 |    38 ||   112
Dodge: Dodged            |    24 |    49 |    37 ||   110
Block: Shield            |    32 |    86 |    64 ||   182
